 Dungeon Crawl Stone Soup version 0.20.0-15-g7f486f2 (webtiles) character file.

44 mopl the Sneak (level 3, -2/27 HPs)
             Began as a Demonspawn Assassin on June 9, 2017.
             Slain by a gnoll (5 damage)
             ... on level 2 of the Dungeon.
             The game lasted 00:01:11 (1302 turns).

mopl the Sneak (Demonspawn Assassin)                Turns: 1302, Time: 00:01:12

Health: -2/27      AC:  3    Str: 11    XL:     3   Next: 41%
Magic:  3/3        EV: 11    Int: 12    God:
Gold:   85         SH:  0    Dex: 15    Spells: 2/2 levels left

rFire    . . .     SeeInvis .   a - +2 dagger
rCold    + . .     Gourm    .   (no shield)
rNeg     . . .     Faith    .   c - +0 robe
rPois    .         Spirit   .   (helmet restricted)
rElec    .         Reflect  .   d - +0 cloak
rCorr    .         Harm     .   (no gloves)
MR       .....                  (no boots)
Stlth    +++.......             (no amulet)
Regen    0.1/turn               (no ring)
MPRegen  0.1/turn               (no ring)

@: no status effects
A: antennae 1, cold resistance 1
a: no special abilities


You were on level 2 of the Dungeon.
You were not hungry.

You visited 1 branch of the dungeon, and saw 2 of its levels.

You collected 85 gold pieces.

Inventory:

Hand Weapons
 a - a +2 dagger (weapon)
 b - a +0 blowgun
Missiles
 e - 8 poisoned needles
 f - 2 curare-tipped needles
 i - 39 stones (quivered)
 q - 7 sling bullets
Armour
 c - a +0 robe (worn)
 d - a +0 cloak (worn)
 p - a +0 shield
Scrolls
 h - a scroll of identify {unknown}
 j - a scroll of noise {unknown}
 l - a scroll of random uselessness {unknown}
 m - a scroll of teleportation {unknown}
 n - a scroll of remove curse {unknown}
Potions
 k - a potion of curing {unknown}
 o - a potion of flight {unknown}
Comestibles
 g - a bread ration


   Skills:
 - Level 2.0 Fighting
 + Level 2.4 Short Blades
 + Level 2.2 Throwing
 - Level 0.8 Dodging
 * Level 4.3 Stealth


You had 2 spell levels left.
You didn't know any spells.

Dungeon Overview and Level Annotations

Branches:
Dungeon (2/15)

Altars:


Innate Abilities, Weirdness & Mutations

You have a pair of small antennae on your head.
Your flesh is cold resistant. (rC+)


Message History

You are too injured to fight recklessly!
You are too injured to fight recklessly!
You are too injured to fight recklessly!
You are too injured to fight recklessly!
The gnoll barely misses you.
The gnoll shouts!
You hit the gnoll.
The gnoll is heavily wounded.
The gnoll closely misses you.
The gnoll hits you with a whip of flaming!
* * * LOW HITPOINT WARNING * * *
The gnoll burns you.
* * * LOW HITPOINT WARNING * * *
The gnoll closely misses you. The gnoll misses you.
Found a sedimented puce potion.
You see here a sedimented puce potion.
Found an escape hatch in the ceiling.
Found a stone staircase leading down.
The gnoll hits you.
You die...

< . . ##. ..## ..
.... .##.#.
##..#####......
#>...@gK.# #....
# #....#####.#
.##.... # ###
###.# .##.... #
.<# #...#
........ # ..#
#.### .##.....###
.. #.#
#g###..##.. ...##
#.#.#.#
#...#..###$###.##
#...#.#
###..........#...
#..##.#
#g#######..#.##


You could see a gnoll and a kobold.

Vanquished Creatures
  A gnoll (D:2)
  4 dart slugs (D:1)
  A leopard gecko (D:1)
  2 giant cockroaches (D:1)
  5 hobgoblins
  7 bats (D:1)
  A frilled lizard (D:1)
  A kobold (D:1)
  5 rats
27 creatures vanquished.

Notes
Turn   | Place    | Note
-------+----------+-------------------------------------------
     0 | D:1      | mopl the Demonspawn Assassin began the quest for the Orb.
     0 | D:1      | Reached XP level 1. HP: 16/16 MP: 1/1
   134 | D:1      | Reached skill level 2 in Short Blades
   441 | D:1      | Gained mutation: Your flesh is cold resistant. (rC+) [demonic ancestry]
   441 | D:1      | Reached XP level 2. HP: 22/22 MP: 2/2
   463 | D:1      | Reached skill level 2 in Throwing
   523 | D:1      | Reached skill level 4 in Stealth
   627 | D:1      | Gained mutation: You have a pair of small antennae on your head. [demonic ancestry]
   627 | D:1      | Reached XP level 3. HP: 20/27 MP: 3/3
  1286 | D:2      | HP: 1/27 [gnoll/whip of flaming (1)]
  1302 | D:2      | Slain by a gnoll

Skill      XL: |  1  2 |
---------------+-------+-----
Short Blades   | 2 |  2.4
Throwing       | 2 |  2.2
Stealth        | 4 |  4.3
Fighting       | |  2.0
Dodging        | |  0.8

Action                   || total
-------------------------++-------
Melee: Dagger            ||    89
 Stab: Sleeping          ||    10
  Eat: Chunk             ||     1
Armor: Robe              ||    18
Dodge: Dodged            ||    53
